 Dungeon Crawl Stone Soup version 0.26.1-11-gd32895ea62 (webtiles) character file.

Game seed: 1017683143507170619

167 H0rd4k the Insei (level 5, -2/33 HPs)
             Began as an Octopode Transmuter on July 5, 2021.
             Slain by a gnoll
             ... wielding a +0 flail
              (15 damage)
             ... on level 4 of the Dungeon.
             The game lasted 00:02:28 (3624 turns).

H0rd4k the Insei (Octopode Transmuter)              Turns: 3624, Time: 00:02:29

Health: -2/33      AC:  1    Str: 10    XL:     5   Next: 48%
Magic:  9/9        EV: 13    Int: 16    God:
Gold:   106        SH:  0    Dex: 12    Spells: 5/9 levels left

rFire    . . .     SeeInvis .     - Unarmed
rCold    . . .     Faith    .   (no shield)
rNeg     . . .     Spirit   .   (helmet restricted)
rPois    .         Reflect  .   (no amulet)
rElec    .         Harm     .   e - ring of wizardry
rCorr    .         Rampage  .   (no ring)
Will     .....                  (no ring)
Stlth    +.........             (no ring)
HPRegen  0.11/turn              (no ring)
MPRegen  0.11/turn              (no ring)
                                (no ring)
                                (no ring)

@: glowing
A: almost no armour, stealthy swim, amphibious, 8 rings, constrict 8, camouflage
1, gelatinous body 1
a: no special abilities


You were on level 4 of the Dungeon.
You visited 1 branch of the dungeon, and saw 4 of its levels.

You collected 106 gold pieces.

Inventory:

Missiles
 i - 9 poisoned darts
Jewellery
 e - a ring of wizardry (left tentacle)
 n - an uncursed ring of willpower {unknown}
Wands
 j - a wand of polymorph (12)
Scrolls
 a - a scroll of blinking {unknown}
 b - 4 scrolls of remove curse {unknown}
 c - a scroll of random uselessness {unknown}
 d - 3 scrolls of identify {unknown}
 g - a scroll of amnesia {unknown}
 h - a scroll of fog {unknown}
 p - 2 scrolls of teleportation {unknown}
 q - a scroll of enchant armour {unknown}
Potions
 f - a potion of resistance {unknown}
 k - a potion of heal wounds {unknown}
 l - 2 potions of attraction {unknown}
 m - 2 potions of curing {unknown}
 o - a potion of flight {unknown}


   Skills:
 + Level 1.3 Fighting
 + Level 2.3 Dodging
 - Level 1.5 Stealth
 + Level 4.5 Unarmed Combat
 * Level 2.7 Spellcasting
 * Level 2.5 Transmutations
 * Level 1.4 Poison Magic


You had 5 spell levels left.
You knew the following spells:

 Your Spells              Type           Power        Failure   Level
a - Beastly Appendage     Tmut           20%          2%          1
b - Spider Form           Tmut/Pois      4%           11%         3

Your spell library contained the following spells:

 Spells                   Type           Power        Failure   Level
 Wereblood                Tmut           10%          4%          2
 Ice Form                 Ice/Tmut       6%           41%         4
 Blade Hands              Tmut           5%           56%         5


Dungeon Overview and Level Annotations

Branches:
Dungeon (4/15)
 Temple: D:4-7

Altars:
Makhleb
Xom


Innate Abilities, Weirdness & Mutations

You cannot wear most types of armour.
You are very stealthy in the water. (Stealth+)
You are amphibious.
You can wear up to eight rings at the same time.
You can use your tentacles to constrict eight enemies at once.
Your skin changes colour to match your surroundings (Stealth+).
Your rubbery body absorbs attacks. (AC +1, EV +1)


Message History

The gnoll shaman hits you with a +0 whip.
You tentacle-slap the gnoll shaman.
The gnoll shaman is lightly wounded.
You constrict the gnoll shaman, but do no damage.
The gnoll shaman calls upon its god to speed up the gnoll.
The gnoll seems to speed up.
You tentacle-slap the gnoll shaman but do no damage.
The gnoll shaman is lightly wounded.
You constrict the gnoll shaman.
The gnoll shaman hits you with a +0 whip!
You are too injured to fight recklessly!
You are too injured to fight recklessly!
You are too injured to fight recklessly!
You are too injured to fight recklessly!
You release your grip on the gnoll shaman.
The gnoll shaman mumbles some strange prayers to its god against you.
You are outlined in light.
You see here 12 gold pieces.
The gnoll hits you with a +0 flail!
You die...

###### #.. ..... #..
###....##.. ....... ..#
#..... .<. #.....##.#
###########......#g####
#<........#.....@#g...+
########.##.#.#.g#g####
#.# #.##.#$# #.#
#....g.# #.# ####.###
#.##.####.# #.##......#
#.######..# #.........#


You could see a gnoll shaman and a gnoll (fast).

Vanquished Creatures
  A crimson imp (D:3)
  Jessica (D:3)
  A gnoll (D:4)
  4 adders
  2 worms
  2 leopard geckos (D:3)
  11 bats
  2 giant cockroaches
  4 goblins
  3 hobgoblins (D:1)
  7 kobolds
  3 quokkas
  A ball python (D:1)
  6 frilled lizards
  9 rats
57 creatures vanquished.

Notes
Turn   | Place    | Note
-------+----------+-------------------------------------------
     0 | D:1      | H0rd4k the Octopode Transmuter began the quest for the Orb.
     0 | D:1      | Reached XP level 1. HP: 13/13 MP: 3/3
   472 | D:1      | Reached XP level 2. HP: 18/18 MP: 5/5
   935 | D:1      | Reached skill level 1 in Stealth
  1679 | D:2      | Reached XP level 3. HP: 18/23 MP: 6/6
  1687 | D:2      | Learned a level 3 spell: Spider Form
  2280 | D:2      | Reached skill level 4 in Unarmed Combat
  2412 | D:3      | Reached XP level 4. HP: 13/28 MP: 7/7
  2426 | D:3      | Noticed Jessica
  2454 | D:3      | Killed Jessica
  2815 | D:3      | Found a shimmering altar of Xom.
  2815 | D:3      | Found a burning altar of Makhleb.
  2832 | D:3      | Reached skill level 1 in Poison Magic
  2832 | D:3      | Reached XP level 5. HP: 21/33 MP: 8/8
  3624 | D:4      | Slain by a gnoll

Illustrated notes

Levels and vault maps discovered:
D:1:      elethiomel_arrival_quiet, layout_basic, serial_co_window_serial,
          co_window_corner_a, co_window_corner_a, co_window_paths_b,
          co_window_paths_a, co_window_of_opportunity_a, co_window_corner_a,
          co_window_of_opportunity_c, co_window_corner_b,
          co_window_unsneaky_path_e, co_window_corner_b, glass_columns_c,
          glass_columns_c, glass_columns_a, glass_columns_a
D:2:      layout_rooms
D:3:      layout_loops_ring, grunt_temple_overflow_champion_of_chaos,
          uniq_jessica
D:4:      layout_basic, lemuel_round_altar, minmay_temple_entry_junction,
          minmay_ruptured, uniq_ijyb

Skill      XL: |  1  2  3  4 |
---------------+-------------+-----
Stealth        | 1 |  1.5
Unarmed Combat | 4 |  4.5
Poison Magic   | 1 |  1.4
Fighting       | |  1.3
Dodging        | |  2.3
Spellcasting   | |  2.7
Transmutations | |  2.5

Action                   |  1- 3 |  4- 6 || total
-------------------------+-------+-------++-------
Melee: Unarmed           |    93 |    53 ||   146
       Constrict         |    25 |    11 ||    36
       Tentacles         |    14 |     6 ||    20
       Punch             |     2 |     1 ||     3
 Stab: Sleeping          |     4 |     5 ||     9
Armor: Skin              |    13 |     2 ||    15
Dodge: Dodged            |    55 |    22 ||    77
